[Event "International chess holiday K11"]
[Site "Praha"]
[Date "2014.07.24"]
[Round "7"]
[White "Korth, Manfred"]
[Black "Pommrich, Rainer"]
[Result "1/2-1/2"]
[ECO "D02"]
[WhiteElo "1908"]
[BlackElo "2003"]
[Annotator "Koller,Martin"]
[PlyCount "74"]
[TimeControl "240+2"]

1. Nf3 Nf6 2. d4 d5 3. Bf4 e6 4. e3 Be7 5. h3 O-O 6. Bd3 b6 7. Qe2 Bb7
8. O-O Nbd7 9. Nbd2 Ne4 10. c4 Ndf6 11. Ne5 Nxd2 12. Qxd2 dxc4 13. Nxc4 Qd5 14.
f3 c5 15. Be5 cxd4 16. Bxd4 Rac8 17. Qe2 Rfd8 18. Rfd1 Qg5 19. Ne5 Nd5 20.
Bxh7+ Kxh7 21. Nxf7 Qg3 22. Nxd8 Rxd8 23. Qd3+ Kg8 24. Qe4 Kf7 25. Qg4 Qxg4 26.
hxg4 e5 27. Bxe5 Nxe3 28. Rxd8 Bxd8 29. Kf2 Nd5 30. Rh1 Bf6 31. Bxf6 Kxf6 32.
a3 Nf4 33. Rd1 Nd5 34. g3 g5 35. Rd4 Ke5 36. Re4+ Kf6 37. f4 Nxf4 1/2-1/2

[Event "International chess holiday K11"]
[Site "Praha"]
[Date "2014.07.24"]
[Round "7"]
[White "Rüll, Michael"]
[Black "Pokorny, Jan"]
[Result "1/2-1/2"]
[ECO "B07"]
[WhiteElo "1812"]
[BlackElo "1882"]
[Annotator "Koller,Martin"]
[PlyCount "40"]
[TimeControl "240+2"]

1. e4 d6 2. Nf3 Nf6 3. d3 g6 4. g3 Bg7 5. Bg2 O-O 6. a4 a5 7. O-O c6 8.
Na3 Nbd7 9. Bd2 Nc5 10. Nc4 d5 11. exd5 Nxd5 12. Qc1 Ne6 13. Bh6 Nb6 14. Nfe5
Nxc4 15. Nxc4 Nd4 16. Re1 Bxh6 17. Qxh6 Nxc2 18. Re4 f5 19. Rh4 Rf7 20. Rc1 Nd4
1/2-1/2

[Event "International chess holiday K11"]
[Site "Praha"]
[Date "2014.07.24"]
[Round "7"]
[White "Schaefer, Martin"]
[Black "Fiala, Jan"]
[Result "1-0"]
[ECO "D20"]
[WhiteElo "1959"]
[BlackElo "1952"]
[Annotator "Koller,Martin"]
[PlyCount "67"]
[TimeControl "240+2"]

1. d4 d5 2. c4 dxc4 3. e4 e5 4. Nf3 Bb4+ 5. Bd2 Bxd2+ 6. Qxd2 exd4 7.
Bxc4 Nf6 8. O-O O-O 9. e5 Ng4 10. h3 Nh6 11. Nxd4 Nc6 12. Nxc6 bxc6 13. Qxd8
Rxd8 14. g4 Rd4 15. b3 Be6 16. Na3 Rad8 17. f4 Rd2 18. f5 Bd5 19. Rf2 Rxf2 20.
Kxf2 Re8 21. Re1 Kf8 22. Kg3 a5 23. Kf4 Ng8 24. Bxd5 cxd5 25. Rc1 Rd8 26. Rxc7
d4 27. Nc4 Ne7 28. Ra7 d3 29. Nd2 Nd5+ 30. Kf3 Rc8 31. Rxa5 Nb4 32. Ra4 Nxa2
33. Rxa2 Rc2 34. Ra8+ 1-0

[Event "International chess holiday K11"]
[Site "Praha"]
[Date "2014.07.24"]
[Round "7"]
[White "Vystrcil, Martin"]
[Black "Hanl, Frantisek"]
[Result "0-1"]
[ECO "B33"]
[WhiteElo "1788"]
[BlackElo "1958"]
[Annotator "Koller,Martin"]
[PlyCount "80"]
[TimeControl "240+2"]

1. e4 c5 2. Nf3 Nc6 3. d4 cxd4 4. Nxd4 Nf6 5. Nc3 e5 6. Ndb5 d6 7. Bg5
a6 8. Na3 b5 9. Nd5 Be7 10. Bxf6 Bxf6 11. c3 Bg5 12. Nc2 O-O 13. Bd3 f5 14.
exf5 Ne7 15. Nxe7+ Qxe7 16. Be4 Rb8 17. h4 Bh6 18. g4 Bf4 19. Nb4 Bb7 20. Bxb7
Rxb7 21. Nd5 Qe8 22. Qe2 Qc6 23. Qe4 Kh8 24. O-O b4 25. c4 b3 26. Nc3 Qc7 27.
axb3 Rxb3 28. Rxa6 Qd8 29. Nd5 Qxh4 30. Nxf4 Qxg4+ 31. Qg2 Qxf4 32. Rxd6 Qxf5
33. c5 Rb4 34. Rdd1 Rg4 35. Qg3 Qg5 36. Kg2 Rxg3+ 37. fxg3 Rxf1 38. Rxf1 Qd2+
39. Kh3 Qd7+ 40. Kg2 Qc6+ 0-1

[Event "International chess holiday K12"]
[Site "Praha"]
[Date "2014.07.24"]
[Round "7"]
[White "Müller, Jörg"]
[Black "Spindler, Markus"]
[Result "0-1"]
[ECO "D00"]
[WhiteElo "1900"]
[BlackElo "2049"]
[Annotator "Koller,Martin"]
[PlyCount "100"]
[TimeControl "240+2"]

1. d4 d5 2. Bf4 e6 3. a3 f5 4. e3 Nf6 5. c4 c6 6. Nc3 Bd6 7. Nge2 O-O
8. c5 Bc7 9. b4 Nbd7 10. h3 e5 11. Bh2 Ne4 12. Qb3 Nxc3 13. Qxc3 e4 14. Bxc7
Qxc7 15. Nf4 Nf6 16. h4 Qf7 17. Be2 Bd7 18. Kd2 Rfe8 19. Rag1 Ng4 20. Bxg4 fxg4
21. g3 g6 22. Rh2 Rf8 23. Ke1 Qe7 24. Qd2 Qd8 25. Qa2 a5 26. Qb2 axb4 27. axb4
Ra4 28. Kf1 Qa8 29. Kg2 Qa6 30. Rf1 Qb5 31. Rb1 Rfa8 32. Qe2 Qxe2 33. Nxe2 Ra2
34. Nf4 Rc2 35. b5 Raa2 36. Kg1 Kf7 37. Kf1 cxb5 38. Nxd5 Rcb2 39. Rxb2 Rxb2
40. Kg2 b4 41. Rh1 b3 42. Nc3 Rc2 43. Nd5 b2 44. Rb1 Bb5 45. Nb4 Rd2 46. d5 Ke7
47. d6+ Kd7 48. Re1 Be2 49. Rb1 Bf3+ 50. Kh2 Rd1 0-1

[Event "International chess holiday K12"]
[Site "Praha"]
[Date "2014.07.24"]
[Round "7"]
[White "Trebbin Dr., Wolfhard"]
[Black "Franek , Jan"]
[Result "1/2-1/2"]
[ECO "A39"]
[WhiteElo "1961"]
[BlackElo "1999"]
[Annotator "Koller,Martin"]
[PlyCount "28"]
[TimeControl "240+2"]

1. d4 Nf6 2. Nf3 g6 3. g3 Bg7 4. Bg2 O-O 5. O-O c5 6. c4 cxd4 7. Nxd4
Nc6 8. Nc3 Qb6 9. Nc2 a6 10. Rb1 d6 11. Be3 Qc7 12. b3 Ng4 13. Bd2 Nge5 14. Nd5
Qd8 1/2-1/2

[Event "International chess holiday M11"]
[Site "Praha"]
[Date "2014.07.24"]
[Round "8"]
[White "Hirn, Oskar"]
[Black "Herejk, Petr"]
[Result "1-0"]
[ECO "D45"]
[WhiteElo "2219"]
[BlackElo "2208"]
[Annotator "Koller,Martin"]
[PlyCount "65"]
[TimeControl "240+2"]

1. d4 d5 2. c4 c6 3. Nf3 Nf6 4. Qc2 e6 5. Nc3 Nbd7 6. e3 Bd6 7. g4 dxc4
8. Bxc4 Nxg4 9. Rg1 Qf6 10. Ne4 Qxf3 11. Nxd6+ Ke7 12. Ne4 Ngf6 13. Ng5 Qh5 14.
b3 h6 15. Ba3+ Ke8 16. Be2 Qxh2 17. Nf3 Qh3 18. Rxg7 Qh1+ 19. Rg1 Qh5 20. Ne5
Qh2 21. O-O-O Nxe5 22. dxe5 Nd5 23. Rg4 Bd7 24. Qc5 Rc8 25. Rdg1 Kd8 26. Rg8+
Kc7 27. Qd6+ Kb6 28. Bc5+ Ka5 29. R8g4 b5 30. Qxd7 Rc7 31. Qxc7+ Nxc7 32. Ra4+
bxa4 33. b4# 1-0

[Event "International chess holiday M11"]
[Site "Praha"]
[Date "2014.07.24"]
[Round "8"]
[White "Krivanek, Vladimir"]
[Black "Knoflicek, Ctibor"]
[Result "1/2-1/2"]
[ECO "C12"]
[WhiteElo "2183"]
[BlackElo "2183"]
[Annotator "Koller,Martin"]
[PlyCount "43"]
[TimeControl "240+2"]

1. e4 e6 2. d4 d5 3. Nc3 Bb4 4. Bd3 dxe4 5. Bxe4 Nf6 6. Bg5 c5 7. a3
Bxc3+ 8. bxc3 Qa5 9. Bxf6 Qxc3+ 10. Kf1 gxf6 11. Ne2 Qa5 12. g4 Nc6 13. Qd3
cxd4 14. Qf3 Ke7 15. Bxc6 bxc6 16. Nxd4 Qa6+ 17. Kg1 Bd7 18. Qc3 Rhg8 19. h3
Rg5 20. Kh2 c5 21. f4 Rd5 22. Nf3 1/2-1/2

[Event "International chess holiday M11"]
[Site "Praha"]
[Date "2014.07.24"]
[Round "8"]
[White "Linder, Oliver"]
[Black "Kasparov, Sergey"]
[Result "0-1"]
[ECO "A43"]
[WhiteElo "1994"]
[BlackElo "2460"]
[Annotator "Koller,Martin"]
[PlyCount "88"]
[TimeControl "240+2"]

1. d4 Nf6 2. Nf3 c5 3. d5 g6 4. Nc3 d6 5. e4 Bg7 6. Bb5+ Bd7 7. a4 O-O
8. O-O Bxb5 9. axb5 Nbd7 10. h3 Ne8 11. Bd2 Nc7 12. Qe2 Nb6 13. Ra5 Qd7 14.
Rfa1 a6 15. bxa6 bxa6 16. Nd1 e6 17. c4 exd5 18. exd5 Qf5 19. Ne3 Qe4 20. R5a2
f5 21. Ba5 Rab8 22. Nd2 Qe7 23. Qd3 Ne8 24. Bc3 Nc7 25. Ba5 Rb7 26. Rb1 Ra8 27.
b4 Nd7 28. Nf3 cxb4 29. Rxb4 Nc5 30. Qb1 Rab8 31. Rxb7 Rxb7 32. Qd1 Qe4 33. Nd2
Qd4 34. Ra3 Ne8 35. Nc2 Qf6 36. Bc3 Qe7 37. Bxg7 Qxg7 38. Nf3 Nf6 39. Ncd4 Nfe4
40. Ne6 Qb2 41. Nxc5 Qxf2+ 42. Kh2 Qg3+ 43. Kg1 Rb2 44. Qf1 Rf2 0-1

[Event "International chess holiday M11"]
[Site "Praha"]
[Date "2014.07.24"]
[Round "8"]
[White "Malinarski, Yehuda"]
[Black "Heissenberger, Andreas"]
[Result "1-0"]
[ECO "B90"]
[WhiteElo "2067"]
[BlackElo "2029"]
[Annotator "Koller,Martin"]
[PlyCount "33"]
[TimeControl "240+2"]

1. e4 c5 2. Nf3 d6 3. d4 cxd4 4. Nxd4 Nf6 5. Nc3 a6 6. Be3 e5 7. Nb3
Be6 8. f3 Be7 9. Qd2 O-O 10. O-O-O a5 11. Kb1 Na6 12. g4 Nb4 13. g5 Ne8 14. a3
Na6 15. h4 h5 16. gxh6 g6 17. h5 necitelne 1-0

[Event "International chess holiday K11"]
[Site "Praha"]
[Date "2014.07.24"]
[Round "8"]
[White "Kasparova, Tatiana"]
[Black "Schaefer, Martin"]
[Result "1-0"]
[ECO "B31"]
[WhiteElo "2132"]
[BlackElo "1959"]
[Annotator "Koller,Martin"]
[PlyCount "47"]
[TimeControl "240+2"]

1. e4 c5 2. Nf3 Nc6 3. Bb5 g6 4. Bxc6 dxc6 5. d3 Bg7 6. h3 b6 7. Nc3 f6
8. Be3 Nh6 9. Qd2 Nf7 10. O-O-O e5 11. Nh2 Qc7 12. f4 Be6 13. Nf3 O-O-O 14. g4
Kb7 15. f5 Bc8 16. Qf2 g5 17. h4 h5 18. gxh5 g4 19. Nh2 Nh6 20. Rdg1 Qf7 21.
Nxg4 c4 22. dxc4 Qxh5 23. Nxe5 fxe5 24. Rxg7+ 1-0

[Event "International chess holiday K11"]
[Site "Praha"]
[Date "2014.07.24"]
[Round "8"]
[White "Korth Dr. , Manfred"]
[Black "Rüll, Michael"]
[Result "1/2-1/2"]
[ECO "D02"]
[WhiteElo "1908"]
[BlackElo "1812"]
[Annotator "Koller,Martin"]
[PlyCount "70"]
[TimeControl "240+2"]

1. Nf3 Nf6 2. d4 d5 3. Bf4 Bf5 4. e3 e6 5. c4 Bb4+ 6. Nc3 Ne4 7. Rc1 c6
8. Be2 Nxc3 9. bxc3 Ba3 10. Rb1 Bxb1 11. Qxb1 Qb6 12. O-O dxc4 13. Qe4 Qd8 14.
Bxc4 Nd7 15. Rb1 Nb6 16. Bb3 Nd5 17. Qd3 Nxf4 18. exf4 Qf6 19. Bc2 O-O-O 20.
Ne5 Kc7 21. c4 Bd6 22. Qb3 Rb8 23. Qa4 Bxe5 24. fxe5 Qf4 25. Qxa7 Rhd8 26. Qb6+
Kd7 27. d5 Qxc4 28. dxe6+ fxe6 29. Bb3 Qb5 30. Qe3 Ke8 31. f4 Qd3 32. Qc1 Qd4+
33. Kh1 Qd2 34. Qf1 Rd4 35. g3 Qd3 1/2-1/2

[Event "International chess holiday K11"]
[Site "Praha"]
[Date "2014.07.24"]
[Round "8"]
[White "Pokorny, Jan"]
[Black "Vystrcil, Martin"]
[Result "1-0"]
[ECO "E90"]
[WhiteElo "1882"]
[BlackElo "1788"]
[Annotator "Koller,Martin"]
[PlyCount "55"]
[TimeControl "240+2"]

1. Nf3 Nf6 2. d4 g6 3. c4 Bg7 4. Nc3 O-O 5. e4 d6 6. Bd3 Nfd7 7. O-O e5
8. Bg5 f6 9. Be3 b6 10. dxe5 Nxe5 11. Nxe5 fxe5 12. Qd2 Be6 13. Rad1 Nc6 14.
Bg5 Bf6 15. Bh6 Bg7 16. Nd5 Bxh6 17. Qxh6 Nd4 18. f4 exf4 19. Nxf4 Bf7 20. Nh3
Ne6 21. Rf3 Qe7 22. Rdf1 c5 23. Rf6 Be8 24. Rxf8+ Nxf8 25. Ng5 Ne6 26. Nxe6 Bc6
27. Ng5 a6 28. Rf7 1-0

[Event "International chess holiday K11"]
[Site "Praha"]
[Date "2014.07.24"]
[Round "8"]
[White "Fiala, Jan"]
[Black "Pommrich, Rainer"]
[Result "1/2-1/2"]
[ECO "B33"]
[WhiteElo "1952"]
[BlackElo "2003"]
[Annotator "Koller,Martin"]
[PlyCount "36"]
[TimeControl "240+2"]

1. e4 c5 2. Nf3 Nc6 3. d4 cxd4 4. Nxd4 Nf6 5. Nc3 e6 6. Ndb5 d6 7. Bf4
e5 8. Bg5 a6 9. Na3 b5 10. Nd5 Be7 11. Bxf6 gxf6 12. c3 f5 13. exf5 Bxf5 14.
Nc2 O-O 15. Nce3 Be6 16. Bd3 f5 17. Qh5 e4 18. Bc2 Bg5 1/2-1/2

[Event "International chess holiday K12"]
[Site "Praha"]
[Date "2014.07.24"]
[Round "8"]
[White "Franek, Jan"]
[Black "Vavrinec, Tomas"]
[Result "0-1"]
[ECO "C03"]
[WhiteElo "1999"]
[BlackElo "2011"]
[Annotator "Koller,Martin"]
[PlyCount "42"]
[TimeControl "240+2"]

1. e4 e6 2. d4 d5 3. Nd2 Be7 4. Bd3 c5 5. c3 Nc6 6.
Ne2 cxd4 7. cxd4 dxe4 8. Nxe4 Nf6 9. O-O O-O 10. b3 Nb4 11. Nxf6+ Bxf6 12. Be4
Nd5 13. Bb2 b6 14. Nf4 Bb7 15. Rc1 Qd6 16. Qh5 g6 17. Qf3 Qxf4 18. Bxd5 Qxf3
19. Bxf3 Bxf3 20. gxf3 Rac8 21. Kg2 Bg5 0-1

[Event "International chess holiday K12"]
[Site "Praha"]
[Date "2014.07.24"]
[Round "8"]
[White "Hadzala, Daniel"]
[Black "Plesnivy, Martin"]
[Result "1-0"]
[ECO "A22"]
[WhiteElo "2070"]
[BlackElo "1799"]
[Annotator "Koller,Martin"]
[PlyCount "107"]
[TimeControl "240+2"]

1. c4 e5 2. Nc3 Nf6 3. g3 d5 4. cxd5 Nxd5 5. Bg2 c6 6. Nf3 Nd7 7. O-O
Bd6 8. d3 O-O 9. a3 N7f6 10. Qc2 Be6 11. Bd2 Rc8 12. b4 Qd7 13. Rfd1 Bh3 14.
Bh1 Rfe8 15. e4 Nf4 16. Bxf4 exf4 17. d4 fxg3 18. hxg3 Nh5 19. e5 Be7 20. Ne4
Qf5 21. Bg2 Bg4 22. Rd2 Kh8 23. Nh2 Rcd8 24. f3 Bxf3 25. Bxf3 Qg6 26. Bxh5 Qxh5
27. Rf1 Rd5 28. Kg2 Red8 29. Nf3 Qg6 30. Nc3 Qxc2 31. Rxc2 R5d7 32. Ne4 a5 33.
Nc5 Bxc5 34. bxc5 h6 35. Rb2 g5 36. g4 Kg7 37. Rfb1 Rb8 38. Rb6 h5 39. Kh3
hxg4+ 40. Kxg4 Kg6 41. Rxc6+ bxc6 42. Rxb8 Ra7 43. Rb6 Rc7 44. Nxg5 Kg7 45. Kf5
Rd7 46. Rxc6 Rxd4 47. Rc7 Ra4 48. Rxf7+ Kg8 49. e6 Rxa3 50. c6 Rc3 51. c7 Rc5+
52. Ke4 Rc1 53. e7 Re1+ 54. Kd3 1-0

[Event "International chess holiday K12"]
[Site "Praha"]
[Date "2014.07.24"]
[Round "8"]
[White "Müller, Jörg"]
[Black "Cisarik, Pavol"]
[Result "0-1"]
[ECO "D00"]
[WhiteElo "1900"]
[BlackElo "1792"]
[Annotator "Koller,Martin"]
[PlyCount "82"]
[TimeControl "240+2"]

1. d4 Nf6 2. Bf4 d5 3. Nc3 c6 4. g3 e6 5. a3 Bd6 6. Bxd6 Qxd6 7. e3
Nbd7 8. Nge2 e5 9. f3 O-O 10. Bg2 Re8 11. O-O b6 12. Re1 e4 13. Qd2 exf3 14.
Bxf3 Nf8 15. Kg2 Bf5 16. Ng1 Be4 17. Nd1 N8d7 18. Rc1 Bxf3+ 19. Nxf3 Ne4 20.
Qe2 Re6 21. Nf2 Ndf6 22. Ne5 Rf8 23. c4 Nxf2 24. Kxf2 Ne4+ 25. Kg2 Rf6 26. Rf1
Rxf1 27. Rxf1 f6 28. Nf3 Re8 29. Rc1 c5 30. Rd1 dxc4 31. Qxc4+ Qe6 32. d5 Nd6
33. Qe2 Qxe3 34. Qxe3 Rxe3 35. Kf2 Rb3 36. Rd2 Ne4+ 37. Ke2 Nxd2 38. Nxd2 Rxb2
39. Kd3 Kf8 40. h4 Ke7 41. Nc4 Rb3+ 0-1

[Event "International chess holiday K12"]
[Site "Praha"]
[Date "2014.07.24"]
[Round "8"]
[White "Plesnik, Miroslav"]
[Black "Trebbin Dr., Wolfhard"]
[Result "1/2-1/2"]
[ECO "D46"]
[WhiteElo "1863"]
[BlackElo "1961"]
[Annotator "Koller,Martin"]
[PlyCount "26"]
[TimeControl "240+2"]

1. d4 d5 2. Nf3 Nf6 3. c4 c6 4. Nc3 e6 5. e3 Nbd7 6. Bd3 Be7 7. O-O O-O
8. Re1 c5 9. cxd5 exd5 10. dxc5 Nxc5 11. a3 Bg4 12. Be2 Nce4 13. Nxe4 dxe4
1/2-1/2

[Event "International chess holiday K12"]
[Site "Praha"]
[Date "2014.07.24"]
[Round "8"]
[White "Taylor, Robert"]
[Black "Spindler, Markus"]
[Result "0-1"]
[ECO "B22"]
[WhiteElo "1914"]
[BlackElo "2049"]
[Annotator "Koller,Martin"]
[PlyCount "92"]
[TimeControl "240+2"]

1. e4 c5 2. c3 Nf6 3. e5 Nd5 4. d4 cxd4 5. Nf3 e6 6. cxd4 Bb4+ 7. Bd2
Qa5 8. Bxb4 Qxb4+ 9. Qd2 Qxd2+ 10. Nbxd2 f6 11. Nc4 Nc6 12. Nd6+ Ke7 13. Bc4
Nf4 14. O-O Na5 15. Rac1 b6 16. b4 Nb7 17. Nb5 d5 18. exd6+ Nxd6 19. Nxd6 Kxd6
20. Rfe1 Bb7 21. Bf1 Nh3+ 22. gxh3 Bxf3 23. Ba6 Rab8 24. Re3 Bd5 25. a4 Bb7 26.
Bc4 Bc8 27. Rce1 Re8 28. f4 Bd7 29. h4 Bxa4 30. Rxe6+ Rxe6 31. Rxe6+ Kd7 32.
Re3 Re8 33. Ra3 b5 34. Bxb5+ Bxb5 35. Rxa7+ Kd6 36. Rxg7 Re7 37. Rg8 Kd5 38.
Rf8 Kxd4 39. Rxf6 Ke3 40. h3 Kf3 41. Rf5 Re1+ 42. Kh2 Re2+ 43. Kg1 Bd3 44. Rg5
Rb2 45. Rd5 Rb1+ 46. Kh2 Be4 0-1

[Event "International chess holiday M11"]
[Site "Praha"]
[Date "2014.07.27"]
[Round "9"]
[White "Hentzgen, Thomas"]
[Black "Malinarski, Yehuda"]
[Result "1/2-1/2"]
[ECO "A38"]
[WhiteElo "2067"]
[BlackElo "2050"]
[Annotator "Koller,Martin"]
[PlyCount "51"]
[TimeControl "240+2"]

1. c4 Nf6 2. Nc3 g6 3. g3 Bg7 4. Bg2 c5 5. Nf3 O-O 6. O-O Nc6 7. d3 d6
8. Rb1 a6 9. a3 Rb8 10. b4 cxb4 11. axb4 b5 12. cxb5 axb5 13. Bd2 d5 14. Bf4
Rb7 15. Qd2 Re8 16. Bh6 e5 17. Bxg7 Kxg7 18. Ne1 Bf5 19. Nc2 Nd4 20. Nxd4 exd4
21. Na2 Ra7 22. Nc1 Qc7 23. Rb2 Rc8 24. Nb3 Qe5 25. Qf4 Qxf4 26. gxf4 1/2-1/2

[Event "International chess holiday M11"]
[Site "Praha"]
[Date "2014.07.27"]
[Round "9"]
[White "Herejk, Petr"]
[Black "Sisak, Richard"]
[Result "1/2-1/2"]
[ECO "C41"]
[WhiteElo "2208"]
[BlackElo "2017"]
[Annotator "Koller,Martin"]
[PlyCount "40"]
[TimeControl "240+2"]

1. e4 d6 2. d4 Nf6 3. Nc3 e5 4. Nf3 Nbd7 5. Bc4 Be7 6. O-O O-O 7. h3 h6
8. a4 c6 9. Re1 Re8 10. b3 Qc7 11. Bb2 Nf8 12. Bf1 Ng6 13. g3 b6 14. Kh2 Bb7
15. Qd2 a6 16. Bg2 Bf8 17. Ba3 b5 18. dxe5 dxe5 19. Bxf8 Rxf8 20. Qe3 Rfd8
1/2-1/2

[Event "International chess holiday M11"]
[Site "Praha"]
[Date "2014.07.27"]
[Round "9"]
[White "Kasparov, Sergey"]
[Black "Krivanek, Vladimir"]
[Result "1-0"]
[ECO "C06"]
[WhiteElo "2460"]
[BlackElo "2183"]
[Annotator "Koller,Martin"]
[PlyCount "120"]
[TimeControl "240+2"]

1. e4 e6 2. d4 d5 3. Nd2 Nf6 4. e5 Nfd7 5. Bd3 c5 6. c3 Nc6 7. Ne2 Qb6
8. Nf3 cxd4 9. cxd4 Be7 10. O-O a5 11. a3 Qa7 12. Be3 O-O 13. Qc2 f5 14. h4 Nb6
15. Bg5 Bd7 16. Bxe7 Nxe7 17. Rfc1 Rac8 18. Qd1 a4 19. Rxc8 Rxc8 20. Rc1 Nc4
21. Bxc4 dxc4 22. Ng5 h6 23. Nh3 Qb6 24. Qd2 Bb5 25. Nhf4 Rd8 26. Rd1 Kf7 27.
h5 Bc6 28. Nc3 Nd5 29. Ncxd5 Bxd5 30. Qc3 Ra8 31. Nxd5 exd5 32. Re1 Re8 33. Re3
Kg8 34. Rf3 Rf8 35. Rg3 f4 36. Rg6 Qb3 37. Qe1 c3 38. bxc3 Qxa3 39. Qb1 Qe7 40.
Qa2 Qd7 41. f3 Qb5 42. Rd6 Qc4 43. Qxc4 dxc4 44. Rb6 a3 45. Rxb7 Ra8 46. Rb1 a2
47. Ra1 Ra3 48. Kh2 Kf7 49. Kh3 Rxc3 50. Rxa2 Rd3 51. Kg4 Rxd4 52. Kf5 c3 53.
Ra7+ Kf8 54. Rc7 Rd2 55. Ke6 Kg8 56. Rc8+ Kh7 57. Rxc3 Rxg2 58. Rc4 g6 59. Kf6
gxh5 60. Rc7+ Kg8 1-0

[Event "International chess holiday M11"]
[Site "Praha"]
[Date "2014.07.27"]
[Round "9"]
[White "Knoflicek, Ctibor"]
[Black "Hirn, Oskar"]
[Result "1/2-1/2"]
[ECO "E93"]
[WhiteElo "2183"]
[BlackElo "2219"]
[Annotator "Koller,Martin"]
[PlyCount "21"]
[TimeControl "240+2"]

1. Nf3 Nf6 2. c4 g6 3. Nc3 Bg7 4. e4 d6 5. d4 O-O 6. Be2 Nbd7 7. Be3 e5
8. d5 Nc5 9. Nd2 a5 10. a3 Ne8 11. b4 1/2-1/2

[Event "International chess holiday K11"]
[Site "Praha"]
[Date "2014.07.27"]
[Round "9"]
[White "Fiala, Jan"]
[Black "Kasparova, Tatiana"]
[Result "0-1"]
[ECO "B13"]
[WhiteElo "2003"]
[BlackElo "2132"]
[Annotator "Koller,Martin"]
[PlyCount "88"]
[TimeControl "240+2"]

1. Nf3 Nf6 2. d4 c5 3. e3 cxd4 4. exd4 d5 5. Bd3 Bg4 6. O-O Nc6 7. c3
e6 8. Re1 Be7 9. Bg5 O-O 10. Nbd2 Bh5 11. Qc2 Bg6 12. Ne5 Bxd3 13. Qxd3 Nxe5
14. dxe5 Nd7 15. Bxe7 Qxe7 16. Re3 Rfc8 17. Rh3 Nf8 18. Re1 b5 19. Qxb5 Rab8
20. Qa6 Rc7 21. b3 Rbc8 22. c4 Qb4 23. Rd1 Qc5 24. Rd3 Nd7 25. Qd6 Nb6 26. b4
Qc6 27. Qxc6 Rxc6 28. c5 Nd7 29. f4 Rb8 30. Rb1 f6 31. Ra3 a6 32. Re3 Kf7 33.
Rbb3 g5 34. g3 Rg8 35. fxg5 fxe5 36. Nf3 e4 37. Nd4 Rc7 38. a4 Rxg5 39. c6 Nb6
40. b5 a5 41. Re1 e5 42. Rf1+ Ke7 43. Nf5+ Ke6 44. h4 Rxf5 0-1

[Event "International chess holiday K11"]
[Site "Praha"]
[Date "2014.07.27"]
[Round "9"]
[White "Rüll, Michael"]
[Black "Pommrich, Rainer"]
[Result "0-1"]
[ECO "B22"]
[WhiteElo "1812"]
[BlackElo "2003"]
[Annotator "Koller,Martin"]
[PlyCount "63"]
[TimeControl "240+2"]

1. e4 c5 2. d4 cxd4 3. c3 Nf6 4. e5 Nd5 5. cxd4 d6 6. Bc4 Nb6 7. Bb5+
Bd7 8. e6 fxe6 9. Bd3 g6 10. Nh3 Nc6 11. Ng5 Nb4 12. Bxg6+ hxg6 13. Qf3 Nc2+
14. Kd1 Qc7 15. Nc3 Nxa1 16. Qf7+ Kd8 17. Qxg6 Kc8 18. Nf7 Rh4 19. Be3 Qc4 20.
Kc1 e5 21. Kb1 exd4 22. Rc1 Qe6 23. Nb5+ Kb8 24. Qg8 Bxb5 25. Qxf8+ Nc8 26. Bg5
Re4 27. Bxe7 a5 28. Nxd6 Bd3+ 29. Kxa1 Re1 30. Qf4 Rxc1+ 31. Qxc1 Nxe7 32. Ne8
0-1

[Event "International chess holiday K11"]
[Site "Praha"]
[Date "2014.07.27"]
[Round "9"]
[White "Schaefer, Martin"]
[Black "Hanl, Frantisek"]
[Result "0-1"]
[ECO "A43"]
[WhiteElo "1959"]
[BlackElo "1958"]
[Annotator "Koller,Martin"]
[PlyCount "68"]
[TimeControl "240+2"]

1. d4 c5 2. d5 Nf6 3. Nc3 d6 4. e4 g6 5. f4 Bg7 6. Bb5+ Bd7 7. e5 Ng8
8. Qe2 Bxb5 9. Qxb5+ Qd7 10. Nf3 a6 11. Qe2 Nh6 12. a4 O-O 13. a5 Qc7 14. O-O
Nf5 15. Be3 Nxe3 16. Qxe3 b5 17. axb6 Qxb6 18. b4 Nd7 19. Rab1 Rac8 20. b5 axb5
21. Nxb5 dxe5 22. fxe5 c4 23. Nbd4 Qc5 24. Rb5 Qa7 25. Rfb1 Rb8 26. e6 Rxb5 27.
Rxb5 fxe6 28. Rb1 Rxf3 29. Qxe6+ Rf7 30. Rf1 Bxd4+ 31. Kh1 Bf6 32. d6 exd6 33.
Qxc4 Qc5 34. Qb3 Kg7 0-1

[Event "International chess holiday K11"]
[Site "Praha"]
[Date "2014.07.27"]
[Round "9"]
[White "Vystrcil, Martin"]
[Black "Korth, Manfred"]
[Result "0-1"]
[ECO "B07"]
[WhiteElo "1788"]
[BlackElo "1908"]
[Annotator "Koller,Martin"]
[PlyCount "112"]
[TimeControl "240+2"]

1. e4 d6 2. d4 Nf6 3. Nc3 c6 4. Nf3 Bg4 5. Be2 e6 6. h3 Bh5 7. Be3 Be7
8. Qd2 d5 9. e5 Nfd7 10. Nh2 Bxe2 11. Nxe2 c5 12. c3 Nc6 13. f4 cxd4 14. Nxd4
Nc5 15. Nxc6 bxc6 16. Bxc5 Bxc5 17. Nf3 O-O 18. Nd4 Qh4+ 19. Qf2 Qxf2+ 20. Kxf2
Bb6 21. Ke3 f6 22. Rhf1 Rae8 23. a4 c5 24. Ne2 fxe5 25. fxe5 Bc7 26. Rxf8+ Kxf8
27. Nf4 Bxe5 28. Nd3 Bd6 29. b4 c4 30. Nf4 Ke7 31. g3 Rf8 32. h4 Be5 33. Ne2
Kd6 34. Rd1 Bf6 35. Nd4 a6 36. Ne2 g6 37. Rd2 Bg7 38. Rd1 Bh6+ 39. Nf4 Kc6 40.
Ke2 Bxf4 41. gxf4 Rxf4 42. Rh1 h5 43. Rf1 Rxh4 44. Rf6 Re4+ 45. Kd2 g5 46. Rh6
h4 47. Rh5 Rg4 48. Rh6 Kd6 49. b5 axb5 50. axb5 Kc5 51. Rxe6 Kxb5 52. Re8 h3
53. Re1 Rg2+ 54. Ke3 Rg3+ 55. Kd2 g4 56. Kc2 h2 0-1

[Event "International chess holiday K12"]
[Site "Praha"]
[Date "2014.07.27"]
[Round "9"]
[White "Cisarik, Pavol"]
[Black "Spindler, Markus"]
[Result "0-1"]
[ECO "C56"]
[WhiteElo "1792"]
[BlackElo "2049"]
[Annotator "Koller,Martin"]
[PlyCount "88"]
[TimeControl "240+2"]

1. e4 e5 2. Nf3 Nc6 3. Bc4 Nf6 4. d4 Be7 5. dxe5 Nxe4 6. Bxf7+ Kxf7 7.
Qd5+ Ke8 8. Qxe4 b6 9. e6 Bb7 10. exd7+ Qxd7 11. O-O Nd8 12. Qe2 Qe6 13. Be3
Rf8 14. Nbd2 Kf7 15. Rfe1 Kg8 16. Nd4 Qg6 17. f3 c5 18. Qc4+ Kh8 19. Nb5 Nc6
20. Qe4 Qxe4 21. Nxe4 Nb4 22. Na3 Bxe4 23. fxe4 Bf6 24. c3 Nd3 25. Re2 Nxb2 26.
Rxb2 Bxc3 27. Rab1 Bxb2 28. Rxb2 Rfe8 29. Kf2 Rxe4 30. Nb5 Rf8+ 31. Ke2 Rfe8
32. Rb3 R8e7 33. Rd3 h6 34. Kf3 R4e6 35. h4 Kh7 36. Bf4 Rf7 37. h5 Re1 38. g3
Rh1 39. Kg4 g5 40. hxg6+ Kxg6 41. Nd6 h5+ 42. Kf3 Rd7 43. Re3 Rf1+ 44. Kg2 Rxf4
0-1

[Event "International chess holiday K12"]
[Site "Praha"]
[Date "2014.07.27"]
[Round "9"]
[White "Taylor, Robert Graham"]
[Black "Hadzala, Daniel"]
[Result "1/2-1/2"]
[ECO "A22"]
[WhiteElo "1914"]
[BlackElo "2070"]
[Annotator "Koller,Martin"]
[PlyCount "88"]
[TimeControl "240+2"]

1. c4 Nf6 2. Nc3 d6 3. g3 Nbd7 4. Bg2 e5 5. d3 g6 6. Bd2 Bg7 7. Qc1 h6
8. Nf3 a5 9. O-O c6 10. d4 Qc7 11. dxe5 Nxe5 12. Nxe5 dxe5 13. h3 Bf5 14. e4
Be6 15. Na4 c5 16. b3 Bd7 17. Nc3 Bc6 18. Nd5 Bxd5 19. exd5 Qd6 20. Re1 h5 21.
Bc3 Nd7 22. Qb2 O-O 23. Re2 b6 24. Rae1 Rae8 25. a3 Re7 26. f4 Rfe8 27. f5 gxf5
28. Rf2 Qg6 29. Ref1 h4 30. Rxf5 hxg3 31. Qc1 Bh6 32. Bd2 Bf4 33. Bxf4 Qxf5 34.
Bg5 Qg6 35. Bxe7 Rxe7 36. Qe3 f5 37. d6 Qxd6 38. Bd5+ Kh7 39. Rxf5 Qh6 40. Qe4
Kh8 41. Qe2 Nf6 42. Kg2 Rh7 43. Qxe5 Qd2+ 44. Kf1 Qd1+ 1/2-1/2